Map: Catalyst LE

Players

Jaimito

  • Race: Terran Terran
  • League: Diamond
  • Spawn Location: 5:00

gelous - Winner!

  • Race: Protoss Protoss
  • League: Diamond
  • Spawn Location: 11:00

VOD

Have the link to the VOD?

Description

Time

  • Played on: July 20, 2018, 1:56 p.m.
  • Length: 16:40
Show
View Real Time Build Order
Export as new Build Order

Jaimito Terran 

Build Orders: Reaper Expand, MMM Bio 

Get SALT Encoding   

  12  0:01  SCV  
  13  0:13  SCV  
  14  0:17  Supply Depot  
  14  0:25  SCV  
  15  0:29  Refinery  
  15  0:39  SCV  
  16  0:50  Barracks  
  16  0:51  SCV  
  17  1:03  SCV  
  18  1:15  SCV  
  19  1:38  Orbital Command, Reaper  
  20  1:48  Command Center  
  20  2:06  Barracks  
  20  2:07  SCV  
  21  2:09  Refinery  
  21  2:11  Barracks Tech Lab  
  21  2:17  Supply Depot  
  21  2:21  SCV  
  22  2:37  Stimpack, Marine  
  22  2:39  SCV  
  24  2:51  SCV  
  25  2:55  Barracks  
  25  3:00  Factory  
  25  3:02  Barracks Tech Lab  
  25  3:03  SCV  
  26  3:12  Orbital Command  
  26  3:18  SCV  
  27  3:25  Combat Shield  
  27  3:30  SCV  
  28  3:35  Marine x2  
  30  3:42  SCV  
  30  3:46  Supply Depot  
  30  3:47  Factory Reactor, Barracks Reactor  
  31  3:52  Starport  
  31  3:55  SCV  
  32  3:57  SCV  
  32  3:58  Marine x2  
  36  4:10  SCV  
  36  4:16  Marine x2  
  38  4:17  Supply Depot  
  37  4:36  SCV  
  35  4:49  Command Center  
  35  4:50  Marine x2  
  39  4:53  Marine  
  39  4:54  SCV  
  39  5:02  SCV  
  39  5:06  Refinery  
  40  5:08  Factory Tech Lab  
  40  5:09  Medivac  
  40  5:10  Medivac  
  40  5:11  SCV  
  45  5:14  Engineering Bay  
  45  5:15  Engineering Bay  
  45  5:16  SCV  
  45  5:20  Refinery  
  46  5:23  Supply Depot, SCV  
  46  5:24  Marine x2  
  46  5:26  Marine  
  46  5:27  Marine  
  51  5:39  SCV x2  
  53  5:44  Marine x2  
  53  5:49  Viking x2  
  59  5:51  Marine  
  59  5:52  SCV, Marine  
  59  5:55  Terran Infantry Weapons Level 1  
  62  5:58  Terran Infantry Armor Level 1  
  62  6:02  Orbital Command  
  62  6:08  SCV x2  
  62  6:09  Marine x2  
  62  6:10  Marine  
  67  6:17  Marine  
  68  6:18  Siege Tank  
  68  6:20  SCV  
  72  6:26  Supply Depot  
  72  6:27  SCV  
  72  6:32  Barracks  
  73  6:38  SCV  
  73  6:39  SCV, Barracks  
  75  6:42  Marine x2  
  75  6:45  Orbital Command  
  77  6:50  SCV  
  60  7:06  Viking  
  60  7:07  Viking  
  62  7:08  Marine x3  
  62  7:09  Marine  
  62  7:10  Siege Tank  
  62  7:12  SCV  
  62  7:13  SCV  
  71  7:27  SCV  
  71  7:29  Refinery  
  72  7:32  Supply Depot x2  
  72  7:36  Supply Depot, Barracks Reactor  
  72  7:37  Barracks Reactor  
  72  7:40  SCV  
  72  7:41  Viking  
  72  7:43  Viking  
  77  7:50  Armory  
  77  8:00  Sensor Tower  
  77  8:01  Marine x2  
  77  8:03  Siege Tank  
  82  8:07  Marine  
  82  8:08  Marine  
  82  8:10  SCV  
  82  8:11  SCV x2  
  87  8:19  Marine x2  
  89  8:23  SCV x2  
  89  8:24  Marine x2  
  93  8:30  SCV  
  94  8:35  Supply Depot, SCV, Marine x2  
  94  8:37  Viking x2  
  94  8:38  Siege Tank, Marine x2  
  94  8:39  Marine  
  94  8:40  SCV, Marine  
  94  8:41  Terran Infantry Weapons Level 2  
  109  8:42  Marine  
  110  8:52  Marine  
  110  8:53  Supply Depot  
  110  8:55  SCV x3  
  114  8:56  Marine  
  114  8:57  Marine x2  
  117  9:03  Terran Infantry Armor Level 2  
  117  9:07  SCV  
  118  9:10  Siege Tank, Supply Depot  
  98  9:46  Marine x4  
  98  9:47  Siege Tank, Marine x2  
  98  9:49  Medivac x2  
  111  9:55  Barracks  
  111  9:56  Barracks  
  111  9:57  Refinery, Barracks  
  111  9:59  Terran Vehicle Weapons Level 1  
  111  10:05  Marine x3  
  111  10:06  Marine  
  115  10:17  Command Center  
  115  10:19  Command Center  
  89  10:32  Marine  
  89  10:33  Marine x3  
  89  10:34  Marauder x2, Marine x2  
  95  10:35  Medivac x2  
  95  10:36  Siege Tank  
  101  10:45  Barracks Reactor  
  101  10:46  Barracks Reactor  
  101  10:53  Barracks Reactor  
  101  11:04  Marine x2  
  101  11:05  Marine x6  
  101  11:08  Siege Tank, Terran Infantry Weapons Level 3  
  112  11:22  Marine x2  
  112  11:24  Marine x4  
  118  11:28  Marauder, Marine x3  
  118  11:29  Marauder  
  118  11:30  Medivac x2  
  118  11:31  Marine  
  130  11:33  Concussive Shells  
  130  11:36  Terran Infantry Armor Level 3  
  130  11:40  Siege Tank, Marine x2  
  130  11:45  Starport  
  135  11:50  Marauder  
  101  11:54  Orbital Command  
  137  11:55  Marine x4  
  137  11:56  Marine x4  
  145  12:16  Planetary Fortress  
  145  12:29  SCV x3  
  148  12:30  Marine x5  
  148  12:31  Marine x2  
  148  12:34  Starport Tech Lab  
  148  12:35  Medivac x2  
  148  12:36  Siege Tank  
  162  12:38  Terran Vehicle Weapons Level 2  
  162  12:41  SCV  
  163  12:50  Factory  
  163  12:51  Factory  
  163  12:59  Refinery x2  
  163  13:01  Missile Turret  
  163  13:06  Marine x4  
  157  13:47  Marine x4  
  157  13:48  Marine x2  
  107  13:49  Factory Tech Lab x2  
  105  14:02  Siege Tank  
  100  14:09  Siege Tank  
  103  14:10  Siege Tank  
  103  14:12  Marauder, Marine x6  
  103  14:13  Marauder, SCV x2, Marine  
  119  14:23  High Capacity Fuel Tanks  
  119  14:25  Medivac x3  
  119  14:26  Marine x3  
  119  14:27  Marine x2  
  119  14:30  Structure Armor  
  119  14:31  Marine x2  
  130  14:32  Marine  
  130  14:34  Marauder x2, Siege Tank, SCV  
  141  14:40  Supply Depot  
  141  14:44  Marine x2  
  143  14:55  Marauder  
  143  14:57  Marine, Command Center  
  143  14:58  Marine  
  147  15:01  Marauder, Marine x4  
  147  15:02  Marine x2, Medivac x2  
  147  15:03  SCV  
  147  15:06  Siege Tank  
  163  15:12  SCV  
  164  15:14  Sensor Tower  
  164  15:16  Marauder  
  164  15:18  Missile Turret  
  164  15:20  Marine x3  
  164  15:21  Marine  
  170  15:22  Marauder, Thor, Missile Turret  
  178  15:42  Marauder  
  178  15:44  Marauder  
  147  16:09  Marauder  
  147  16:10  Marauder  
  142  16:15  Marine  
  142  16:16  Marine x6  
  142  16:17  Marine  
  142  16:18  SCV x4  
Show
View Real Time Build Order
Export as new Build Order

gelous Protoss - Winner!

Build Orders: Colossus Rush 

Get SALT Encoding   

  12  0:01  Probe  
  13  0:13  Probe  
  14  0:17  Pylon  
  14  0:25  Probe  
  15  0:35  Probe  
  15  0:39  Gateway  
  16  0:44  Probe  
  16  0:46  Assimilator  
  17  0:56  Probe  
  18  1:04  Probe  
  19  1:12  Probe  
  20  1:27  Cybernetics Core  
  20  1:36  Pylon  
  20  1:38  Probe  
  21  1:46  Nexus  
  21  1:54  Assimilator  
  21  2:01  Probe  
  21  2:08  Adept  
  24  2:11  Probe  
  24  2:12  Warp Gate  
  25  2:21  Probe  
  26  2:35  Robotics Facility  
  26  2:48  Adept  
  28  2:58  Probe  
  28  3:02  Probe  
  28  3:04  Gateway x2  
  30  3:06  Probe  
  30  3:09  Shield Battery  
  31  3:16  Probe  
  31  3:17  Probe  
  33  3:23  Observer  
  33  3:24  Adept  
  36  3:35  Probe x2  
  38  3:46  Robotics Bay  
  38  3:47  Probe  
  38  3:48  Probe  
  40  3:49  Observer  
  41  3:57  Assimilator  
  41  4:00  Probe x2, Assimilator  
  43  4:12  Probe x2  
  45  4:40  Observer  
  46  4:46  Extended Thermal Lance  
  46  4:51  Pylon  
  46  5:00  Colossus  
  46  5:05  Forge  
  46  5:08  Forge  
  46  5:09  Probe  
  53  5:15  Probe  
  54  5:25  Pylon  
  54  5:30  Protoss Ground Armor Level 1  
  54  5:31  Protoss Ground Weapons Level 1  
  54  5:42  Nexus  
  54  5:43  Probe x2  
  54  5:44  Pylon  
  54  5:46  Gateway  
  54  5:47  Gateway  
  56  5:50  Gateway  
  56  5:52  Sentry x2  
  56  5:53  Gateway  
  56  5:55  Probe x2  
  62  6:04  Shield Battery, Stalker  
  62  6:07  Probe x2  
  66  6:19  Probe x2  
  66  6:21  Stalker  
  66  6:22  Shield Battery  
  70  6:43  Twilight Council  
  70  6:53  Colossus  
  76  6:55  Stalker  
  76  6:56  Stalker x3  
  84  7:06  Probe  
  84  7:14  Pylon  
  85  7:16  Pylon  
  85  7:19  Pylon  
  85  7:27  Protoss Ground Weapons Level 2  
  85  7:29  Probe  
  85  7:30  Robotics Facility  
  85  7:32  Probe x2  
  85  7:35  Templar Archives  
  85  7:37  Probe, Protoss Ground Armor Level 2  
  89  7:44  Probe x2  
  91  7:53  Probe  
  91  7:54  Charge  
  91  7:55  Assimilator  
  92  7:59  Assimilator  
  92  8:00  Probe  
  92  8:01  Probe x2, Photon Cannon  
  92  8:02  Photon Cannon  
  92  8:03  Shield Battery  
  94  8:12  Probe  
  96  8:17  Photon Cannon  
  96  8:20  Photon Cannon  
  96  8:21  Probe x2  
  96  8:22  Pylon  
  96  8:23  Shield Battery  
  96  8:24  Probe  
  96  8:25  Zealot x3  
  105  8:29  Colossus  
  105  8:33  Probe  
  106  8:39  Pylon  
  106  8:41  Pylon  
  112  8:43  Probe  
  113  8:51  Warp Prism  
  113  8:53  Zealot  
  117  8:58  Stalker x3  
  123  9:06  Probe x2  
  125  9:10  Psionic Storm  
  103  9:39  Protoss Ground Armor Level 3  
  103  9:40  Protoss Ground Weapons Level 3  
  103  9:43  Stalker  
  103  9:44  Stalker x2, Zealot  
  103  9:45  Zealot x3  
  109  9:50  Colossus  
  109  9:51  Colossus  
  121  10:07  High Templar x4  
  123  10:08  Zealot x2  
  121  10:44  Warp Prism  
  123  10:56  Nexus  
  123  10:57  High Templar x3  
  123  10:58  Stalker x2, Pylon  
  123  10:59  Pylon  
  123  11:02  Assimilator  
  123  11:03  Nexus  
  133  11:05  Pylon  
  133  11:06  Assimilator  
  133  11:07  Pylon  
  133  11:08  Pylon  
  133  11:11  Assimilator  
  133  11:12  Assimilator  
  133  11:15  Pylon  
  133  11:16  Probe x3  
  133  11:18  Pylon  
  136  11:19  Pylon  
  136  11:22  Pylon  
  136  11:24  Pylon  
  136  11:27  High Templar  
  136  11:28  Probe, High Templar x2  
  136  11:29  Stalker x3  
  136  11:30  Stalker  
  151  11:51  Photon Cannon  
  151  11:53  Photon Cannon  
  151  11:54  Probe  
  152  12:02  Probe  
  152  12:04  Photon Cannon  
  152  12:05  Shield Battery  
  152  12:07  Shield Battery  
  153  12:12  Stalker, Photon Cannon  
  153  12:13  Stalker x4  
  153  12:14  Sentry  
  153  12:15  Photon Cannon  
  165  12:16  Sentry, Pylon  
  165  12:18  Shield Battery  
  167  12:28  Probe  
  167  12:29  Probe x2  
  167  12:32  Probe x2  
  172  12:44  Probe  
  172  12:45  Probe  
  174  12:57  Stargate  
  174  13:00  Stargate  
  174  13:03  Pylon  
  174  13:04  Shield Battery  
  174  13:21  Colossus  
  174  13:26  Stalker x2  
  184  13:27  Zealot x5  
  164  13:49  Stalker x6  
  164  13:50  Stalker  
  176  14:04  Probe  
  176  14:07  Probe  
  176  14:08  Probe  
  179  14:20  Fleet Beacon  
  179  14:21  Protoss Air Weapons Level 1  
  179  14:25  Pylon  
  179  14:27  Pylon  
  179  14:37  Probe  
  180  14:45  Photon Cannon  
  180  14:47  Photon Cannon  
  180  14:49  Photon Cannon  
  180  14:52  Probe, Photon Cannon  
  181  14:54  Shield Battery  
  181  14:56  Shield Battery  
  181  15:00  Photon Cannon  
  181  15:01  Photon Cannon  
  181  15:02  Stargate  
  181  15:05  Photon Cannon  
  181  15:11  Photon Cannon  
  181  15:12  Stargate  
  181  15:13  Photon Cannon  
  181  15:16  Photon Cannon  
  181  15:17  Shield Battery  
  181  15:19  Shield Battery  
  181  15:21  Probe  
  181  15:22  Pylon  
  181  15:24  Probe  
  181  15:25  Graviton Catapult  
Tags
 
Composition
MMM Bio
Matchup
PvT
Spawn Locations
Cross Positions
Add a new tag
Caveats
  • Supply blocks, unpowered buildings, or Contaminate may cause inaccurate times.
  • Supply counts are checked every 10 seconds.